 Dungeon Crawl Stone Soup version 0.29.0-4-gdea44cf6ec (webtiles) character file.

Game seed: 11421968434665708389

590 qw the Cleaver (level 7, -2/55 HPs)
             Began as a Barachi Chaos Knight on Sept 7, 2022.
             Slain by an anaconda (glowing shapeshifter) (14 damage)
             ... on level 4 of the Dungeon.
             The game lasted 00:02:54 (5114 turns).

qw the Cleaver (Barachi Chaos Knight)               Turns: 5114, Time: 00:02:55

Health: -2/55      AC: 15    Str: 15    XL:     7   Next: 39%
Magic:  7/7        EV:  1    Int: 12    God:
Gold:   57         SH:  0    Dex: 12    Spells: 6/6 levels left

rFire   . . .      SeeInvis .   Y - +2 hand axe (chaos)
rCold   . . .      Faith    .   (no shield)
rNeg    . . .      Spirit   .   h - +0 plate armour
rPois   .          Reflect  .   (no helmet)
rElec   .          Harm     .   i - +0 cloak
rCorr   .          Rampage  .   l - +0 pair of gloves
Will    .....                   o - +0 pair of boots
Stlth   ..........              (no amulet)
HPRegen 0.18/turn               (no ring)
MPRegen 0.10/turn               (no ring)

@: constricted, slow
A: amphibious, slowness 1, strong legs 1, +LOS
a: Hop


You were on level 4 of the Dungeon.
You visited 1 branch of the dungeon, and saw 4 of its levels.
You also visited: Ossuary.

You collected 207 gold pieces.
You spent 150 gold pieces at shops.


Innate Abilities, Weirdness & Mutations

You are amphibious.
You cover ground slowly.
You can hop short distances.
You have an extended range of vision and can be seen from far away.


   Skills:
 - Level 4.8 Fighting
 - Level 8.1 Axes
 + Level 4.0 Armour
 - Level 1.1 Dodging


You had 6 spell levels left.
You didn't know any spells.
Your spell library was empty.

Inventory:

Hand Weapons
 b - a +0 mace
 Y - a +2 hand axe of chaos (weapon)
Missiles
 e - 6 boomerangs (quivered)
Armour
 h - a +0 plate armour (worn)
 i - a +0 cloak (worn)
 l - a +0 pair of gloves (worn)
 o - a +0 pair of boots (worn)
Scrolls
 a - a scroll of teleportation
 f - 3 scrolls of identify
 n - a scroll of acquirement {unknown}
Potions
 d - a potion of haste
 g - a potion of curing
 j - a potion of resistance
 k - a potion of mutation {unknown}
 m - a potion of degeneration {unknown}
 p - a potion of brilliance {unknown}
Miscellaneous
 c - a piece from Xom's chessboard (15/15)

Dungeon Overview and Level Annotations

Branches:
Dungeon (4/15)            Ossuary (visited)
 Temple: D:4-7

Altars:
Ru

Shops:
D:1 *   D:4 *


Message History

The glowing shapeshifter is moderately wounded.
The glowing shapeshifter changes into a two-headed ogre!
You hit the two-headed ogre.
Lightning courses through the two-headed ogre!
The two-headed ogre is moderately wounded.
The two-headed ogre changes into an anaconda!
You miss the anaconda.
The anaconda is moderately wounded.
The anaconda grabs you. The anaconda bites you. The anaconda constricts you.
You closely miss the anaconda.
The anaconda is moderately wounded.
The anaconda bites you. The anaconda constricts you.
The anaconda bites you but does no damage.
The anaconda constricts you.
You miss the anaconda.
The anaconda is moderately wounded.
The anaconda bites you. The anaconda constricts you.
You hit the anaconda but do no damage.
The anaconda is moderately wounded.
The anaconda bites you. The anaconda constricts you. The anaconda bites you!
The anaconda constricts you.
You closely miss the anaconda.
You punch the anaconda, but do no damage.
The anaconda is moderately wounded.
The anaconda bites you but does no damage.
The anaconda constricts you.
You closely miss the anaconda.
The anaconda is moderately wounded.
The anaconda bites you. The anaconda constricts you.
The anaconda bites you but does no damage.
The anaconda constricts you.
You barely miss the anaconda.
The anaconda is moderately wounded.
The anaconda bites you but does no damage.
The anaconda constricts you.
You closely miss the anaconda.
The anaconda is moderately wounded.
The anaconda bites you. The anaconda constricts you. The anaconda bites you!
You die...
Xom cackles wildly!

#..####.......#####.###
##.....#.....## #...## #
#####.#.....## ###..###
#........# ##....
#....%..[## #######..
#.........###........
###.....#..........#. .##
##...#.[.J#J.....#. ....
#@###.##.########. ..##
#.###.S#..##.J# #.
...###........####.# ###.
#..# ##..:...##)#####...
#.######..)##.......##.#.
####........#.#######>......
#...#......##.# #.###...
#..)#.####.##.. #.# ....
#.....# #.###.. #.# ....


You could see an anaconda shaped shifter.

Vanquished Creatures
  A necrophage (D:4)
  A bullfrog (D:4)
  2 scorpions (D:4)
  A hound (D:4)
  An orc wizard (D:3)
  An iguana (D:4)
  A mummy (Ossuary)
  3 gnolls (D:4)
  7 adders
  An ufetubus (D:4)
  A worm (D:4)
  A dart slug (D:1)
  7 spectral bats (Ossuary)
  5 ball pythons
  10 bats
  12 endoplasms
  3 giant cockroaches (D:3)
  12 gnoll zombies (Ossuary)
  13 goblins
  7 hobgoblins
  A jackal (D:2)
  3 quokkas
  2 bat simulacra (Ossuary)
  5 frilled lizards
  4 goblin simulacra (Ossuary)
  7 goblin zombies (Ossuary)
  3 hobgoblin zombies (Ossuary)
  11 kobolds
  A kobold simulacrum (Ossuary)
  7 kobold zombies (Ossuary)
  An orc zombie (Ossuary)
  10 rats
  7 rat simulacra (Ossuary)
  3 spectral kobolds (Ossuary)
  2 spectral rats (Ossuary)
157 creatures vanquished.

Vanquished Creatures (others)
  A kobold zombie (D:4)
1 creature vanquished.

Grand Total: 158 creatures vanquished

Notes
Turn   | Place    | Note
-------+----------+-------------------------------------------
     0 | D:1      | qw the Barachi Chaos Knight began the quest for the Orb.
     0 | D:1      | Reached XP level 1. HP: 18/18 MP: 1/1
     0 | D:1      | 0 ||| qw: Version: 0.1-a-108-g9e35731
     0 | D:1      | 0 ||| qw: Game counter: 6554
     0 | D:1      | 0 ||| qw: Always use a shield: true
     0 | D:1      | 0 ||| qw: God list: Okawaru
     0 | D:1      | 0 ||| qw: Allow faded altars: false
     0 | D:1      | 0 ||| qw: Do Orc after D:15 true
     0 | D:1      | 0 ||| qw: Do second Lair branch before Depths: true
     0 | D:1      | 0 ||| qw: Lair rune preference: random
     0 | D:1      | 0 ||| qw: Plans: Normal
     0 | D:1      | 0 ||| PLANNING D:1-11
     0 | D:1      | Fell from the grace of Xom
   199 | D:1      | Reached XP level 2. HP: 12/24 MP: 2/2
   210 | D:1      | Reached skill level 4 in Axes
   291 | D:1      | 291 ||| Stepping ~*~*~tactically~*~*~ (stealth).
   293 | D:1      | 293 ||| Stepping ~*~*~tactically~*~*~ (stealth).
   424 | D:1      | Found a faded altar of an unknown god.
   452 | D:1      | 452 ||| Stepping ~*~*~tactically~*~*~ (stealth).
   457 | D:1      | 457 ||| Stepping ~*~*~tactically~*~*~ (stealth).
   461 | D:1      | 461 ||| Stepping ~*~*~tactically~*~*~ (stealth).
   464 | D:1      | 464 ||| Stepping ~*~*~tactically~*~*~ (stealth).
   505 | D:1      | 505 ||| Stepping ~*~*~tactically~*~*~ (stealth).
   526 | D:1      | 526 ||| Stepping ~*~*~tactically~*~*~ (stealth).
   527 | D:1      | 527 ||| Stepping ~*~*~tactically~*~*~ (stealth).
   610 | D:1      | 610 ||| Stepping ~*~*~tactically~*~*~ (stealth).
   677 | D:1      | Reached XP level 3. HP: 29/29 MP: 3/3
   678 | D:1      | Found Ecappuaq's General Store.
   686 | D:1      | 686 ||| SHOPLISTING scroll of enchant weapon (105 gold,
                  | have 38).
   686 | D:1      | 686 ||| BUYING scroll of identify (28 gold).
   686 | D:1      | Bought a scroll of identify for 28 gold pieces
   686 | D:1      | 686 ||| SHOPLISTING scroll of teleportation (42 gold, have
                  | 10).
   745 | D:1      | 745 ||| Stepping ~*~*~tactically~*~*~ (hiding).
   937 | D:1      | XOM: draining
  1065 | D:1      | 1065 ||| UPGRADING to +0 plate armour.
  1075 | D:1      | 1075 ||| DROPPING +2 leather armour.
  1076 | D:1      | 1076 ||| READING 2 scrolls of identify.
  1076 | D:1      | 1076 ||| IDENTIFYING purple potion
  1077 | D:1      | 1077 ||| DROPPING potion of lignification.
  1100 | D:2      | 1100 ||| STAIRDANCE
  1106 | D:2      | 1106 ||| STAIRDANCE
  1146 | D:2      | 1146 ||| Stepping ~*~*~tactically~*~*~ (stealth).
  1147 | D:2      | 1147 ||| Stepping ~*~*~tactically~*~*~ (stealth).
  1148 | D:2      | 1148 ||| Stepping ~*~*~tactically~*~*~ (stealth).
  1262 | D:2      | 1262 ||| FLEEEEING.
  1263 | D:2      | 1263 ||| FLEEEEING.
  1264 | D:2      | 1264 ||| FLEEEEING.
  1265 | D:2      | 1265 ||| STAIRDANCE
  1268 | D:1      | XOM: god gift: staff of death
  1326 | D:2      | Reached skill level 5 in Axes
  1326 | D:2      | 1326 ||| STAIRDANCE
  1479 | D:2      | 1479 ||| DROPPING +0 club.
  1589 | D:2      | 1589 ||| Stepping ~*~*~tactically~*~*~ (stealth).
  1658 | D:2      | 1658 ||| Stepping ~*~*~tactically~*~*~ (stealth).
  1659 | D:2      | 1659 ||| Stepping ~*~*~tactically~*~*~ (stealth).
  1669 | D:2      | Reached XP level 4. HP: 26/26 MP: 4/4
  1678 | D:2      | 1678 ||| Stepping ~*~*~tactically~*~*~ (stealth).
  2209 | D:2      | 2209 ||| UPGRADING to +0 pair of gloves.
  2214 | D:2      | 2214 ||| UPGRADING to +0 pair of boots.
  2219 | D:2      | 2219 ||| READING scroll labelled SOESTU GIOS.
  2220 | D:2      | 2220 ||| READING 2 scrolls labelled OTRAPS NEAMMEY.
  2221 | D:2      | 2221 ||| READING scroll labelled YFYFEUST NAZOT.
  2322 | D:2      | 2322 ||| READING scroll labelled BYNKUE KIXEMAZ.
  2325 | D:2      | 2325 ||| DRINKING 2 green potions.
  2326 | D:2      | 2326 ||| READING 3 scrolls of identify.
  2326 | D:2      | 2326 ||| IDENTIFYING murky brown potion
  2327 | D:2      | 2327 ||| READING 2 scrolls of identify.
  2327 | D:2      | 2327 ||| IDENTIFYING amethyst potion
  2328 | D:2      | 2328 ||| DROPPING potion of berserk rage.
  2329 | D:2      | 2329 ||| DROPPING scroll of blinking.
  2345 | D:3      | 2345 ||| STAIRDANCE
  2429 | D:3      | 2429 ||| STAIRDANCE
  2447 | D:3      | 2447 ||| STAIRDANCE
  2754 | D:3      | Reached skill level 3 in Armour
  2860 | D:3      | 2860 ||| Stepping ~*~*~tactically~*~*~ (stealth).
  2912 | D:3      | Found a sacrificial altar of Ru.
  2913 | D:3      | 2913 ||| Stepping ~*~*~tactically~*~*~ (stealth).
  2928 | D:3      | Reached skill level 6 in Axes
  2928 | D:3      | Reached XP level 5. HP: 31/38 MP: 5/5
  3153 | D:3      | 3153 ||| UPGRADING to +0 cloak.
  3158 | D:3      | 3158 ||| READING scroll labelled NESIZ GYTWO.
  3159 | D:3      | 3159 ||| READING scroll labelled NOUWATHR PETWO.
  3160 | D:3      | 3160 ||| READING scroll labelled BUIVVIASYT.
  3161 | D:3      | 3161 ||| DRINKING 3 brown potions.
  3162 | D:3      | 3162 ||| DROPPING 2 potions of attraction.
  3163 | D:3      | 3163 ||| Stepping randomly (stuck).
  3164 | D:3      | 3164 ||| Stepping ~*~*~tactically~*~*~ (cloud).
  3377 | D:4      | 3377 ||| PLANNING OSSUARY
  3396 | D:4      | 3396 ||| Stepping ~*~*~tactically~*~*~ (stealth).
  3420 | D:4      | 3420 ||| FLEEEEING.
  3447 | D:4      | 3447 ||| FLEEEEING.
  3448 | D:4      | 3448 ||| FLEEEEING.
  3449 | D:4      | 3449 ||| FLEEEEING.
  3450 | D:4      | 3450 ||| STAIRDANCE
  3557 | D:4      | Reached XP level 6. HP: 42/50 MP: 6/6
  3557 | D:4      | 3557 ||| STAIRDANCE
  3614 | D:4      | Found a sand-covered staircase.
  3621 | Ossuary  | Entered an ossuary
  3674 | Ossuary  | XOM: summons 1 hostile demon
  3853 | Ossuary  | 3853 ||| Stepping ~*~*~tactically~*~*~ (stealth).
  3869 | Ossuary  | 3869 ||| Stepping ~*~*~tactically~*~*~ (stealth).
  3916 | Ossuary  | 3916 ||| READING scroll of enchant weapon.
  3916 | Ossuary  | 3916 ||| ENCHANTING +1 hand axe of chaos.
  4001 | Ossuary  | 4001 ||| Stepping ~*~*~tactically~*~*~ (stealth).
  4007 | Ossuary  | 4007 ||| Stepping ~*~*~tactically~*~*~ (stealth).
  4031 | Ossuary  | 4031 ||| Stepping ~*~*~tactically~*~*~ (stealth).
  4035 | Ossuary  | 4035 ||| Stepping ~*~*~tactically~*~*~ (stealth).
  4181 | Ossuary  | 4181 ||| READING scroll labelled INNISI DUACUM.
  4182 | Ossuary  | 4182 ||| DRINKING 2 sedimented black potions.
  4283 | Ossuary  | 4283 ||| READING 2 scrolls of identify.
  4283 | Ossuary  | 4283 ||| IDENTIFYING inky potion
  4284 | Ossuary  | 4284 ||| DROPPING potion of ambrosia.
  4288 | D:4      | 4288 ||| PLANNING D:1-11
  4293 | D:4      | 4293 ||| Stepping ~*~*~tactically~*~*~ (stealth).
  4294 | D:4      | 4294 ||| Stepping ~*~*~tactically~*~*~ (stealth).
  4295 | D:4      | 4295 ||| Stepping ~*~*~tactically~*~*~ (stealth).
  4297 | D:4      | 4297 ||| Stepping ~*~*~tactically~*~*~ (stealth).
  4306 | D:4      | 4306 ||| Stepping ~*~*~tactically~*~*~ (stealth).
  4309 | D:4      | 4309 ||| Stepping ~*~*~tactically~*~*~ (stealth).
  4327 | D:4      | 4327 ||| FLEEEEING.
  4337 | D:4      | 4337 ||| STAIRDANCE
  4390 | D:4      | 4390 ||| Stepping ~*~*~tactically~*~*~ (stealth).
  4392 | D:4      | 4392 ||| Stepping ~*~*~tactically~*~*~ (stealth).
  4396 | D:4      | 4396 ||| Stepping ~*~*~tactically~*~*~ (hiding).
  4397 | D:4      | 4397 ||| Stepping ~*~*~tactically~*~*~ (hiding).
  4398 | D:4      | 4398 ||| Stepping ~*~*~tactically~*~*~ (hiding).
  4402 | D:4      | 4402 ||| Stepping ~*~*~tactically~*~*~ (hiding).
  4403 | D:4      | 4403 ||| Stepping ~*~*~tactically~*~*~ (hiding).
  4486 | D:4      | Found Immauh's Assorted Antiques.
  4497 | D:4      | 4497 ||| BUYING fizzy pink potion (22 gold).
  4497 | D:4      | Bought a fizzy pink potion for 22 gold pieces
  4497 | D:4      | 4497 ||| SHOPLISTING scroll of enchant weapon (187 gold,
                  | have 146).
  4497 | D:4      | 4497 ||| BUYING scroll of identify (50 gold).
  4497 | D:4      | Bought a scroll of identify for 50 gold pieces
  4497 | D:4      | 4497 ||| BUYING scroll of identify (50 gold).
  4497 | D:4      | Bought a scroll of identify for 50 gold pieces
  4538 | D:4      | Reached skill level 7 in Axes
  4565 | D:4      | 4565 ||| Stepping ~*~*~tactically~*~*~ (stealth).
  4568 | D:4      | Reached XP level 7. HP: 53/55 MP: 7/7
  4594 | D:4      | Identified the +7 triple crossbow of Satisfaction {vorpal,
                  | rC- Will+ rCorr Str+2 Dex+4} (Xom gifted it to you on level
                  | 4 of the Dungeon)
  4594 | D:4      | XOM: god gift: +7 triple crossbow of Satisfaction {vorpal,
                  | rC- Will+ rCorr Str+2 Dex+4}
  4801 | D:4      | 4801 ||| Stepping ~*~*~tactically~*~*~ (stealth).
  4818 | D:4      | 4818 ||| FLEEEEING.
  4819 | D:4      | 4819 ||| FLEEEEING.
  4820 | D:4      | 4820 ||| FLEEEEING.
  4821 | D:4      | 4821 ||| FLEEEEING.
  4826 | D:4      | 4826 ||| FLEEEEING.
  4827 | D:4      | 4827 ||| FLEEEEING.
  4828 | D:4      | 4828 ||| FLEEEEING.
  4861 | D:4      | 4861 ||| Stepping ~*~*~tactically~*~*~ (stealth).
  5009 | D:4      | Reached skill level 8 in Axes
  5009 | D:4      | 5009 ||| Stepping ~*~*~tactically~*~*~ (stealth).
  5011 | D:4      | 5011 ||| Stepping ~*~*~tactically~*~*~ (stealth).
  5012 | D:4      | 5012 ||| Stepping ~*~*~tactically~*~*~ (stealth).
  5086 | D:4      | 5086 ||| Stepping ~*~*~tactically~*~*~ (stealth).
  5098 | D:4      | 5098 ||| Stepping ~*~*~tactically~*~*~ (stealth).
  5105 | D:4      | Noticed a glowing shapeshifter
  5105 | D:4      | a jelly changed into a glowing shapeshifter
  5105 | D:4      | Noticed a two-headed ogre
  5105 | D:4      | a glowing shapeshifter changed into a two-headed ogre
  5106 | D:4      | Noticed an anaconda
  5106 | D:4      | a two-headed ogre changed into an anaconda
  5114 | D:4      | HP: 12/55 [anaconda (glowing shapeshifter) (5)]
  5114 | D:4      | Slain by an anaconda (glowing shapeshifter)

Levels and vault maps discovered:
D:1:      matt_arrival_spirals, layout_basic, shapermc_ecumenical_altar_venn,
          serial_shops, shop, st_stairs_5, chequers_mini_garden
D:2:      layout_loops_cross, minmay_cut_off
D:3:      layout_rooms, nicolae_ru_great_annihilating_truth
D:4:      layout_rooms, serial_shops, nicolae_shop_trees,
          nicolae_ossuary_entry_plus, minmay_surrounded

Skill      XL: |  1  2  3  4  5  6  7 |
---------------+----------------------+-----
Axes           | 4 5 6 7 8 |  8.1
Armour         | 3 4 |  4.0
Fighting       | 4 |  4.8
Dodging        | |  1.1

Action                   |  1- 3 |  4- 6 |  7- 9 || total
-------------------------+-------+-------+-------++-------
Melee: Hand axe          |   121 |   357 |    52 ||   530
       Punch             |       |     3 |     3 ||     6
Throw: Boomerang         |       |     5 |    13 ||    18
Invok: Renounce Religion |     1 |       |       ||     1
  Use: Scroll            |     1 |    12 |       ||    13
       Potion            |       |     3 |       ||     3
 Stab: Paralysed         |       |     1 |       ||     1
       Petrifying        |       |     2 |       ||     2
       Petrified         |       |     2 |       ||     2
       Confused          |       |     1 |       ||     1
Armor: Leather armour    |    27 |       |       ||    27
       Plate armour      |    22 |   289 |    33 ||   344
Dodge: Dodged            |    45 |    53 |     4 ||   102

Table legend:
 A = Non-vault XP
 B = Vault XP
 C = Vault XP percentage of total XP
 D = Non-vault monster count
 E = Vault monster count
 F = Vault count percentage of total count
                 A         B        C        D         E       F
            +---------+---------+-------+---------+---------+-------
      Total |     637 |     207 |  24.5 |      85 |      72 |  45.9
            +---------+---------+-------+---------+---------+-------
        D:1 |      47 |       4 |   7.8 |      29 |       3 |   9.4
        D:2 |      74 |       5 |   6.3 |      25 |       3 |  10.7
        D:3 |      28 |      41 |  59.4 |      10 |       4 |  28.6
        D:4 |     488 |      60 |  10.9 |      21 |       5 |  19.2
    Ossuary |       0 |      97 | 100.0 |       0 |      57 | 100.0
            +---------+---------+-------+---------+---------+-------
